 Dungeon Crawl Stone Soup version 0.30-b1-2-g02819fbbbe (webtiles) character file.

Game seed: 5797451100677045912

334 redmage the Chiller (level 7, -5/50 HPs)
             Began as a Meteoran Ice Elementalist on July 26, 2023.
             Slain by an ice beast (13 damage)
             ... on level 6 of the Dungeon.
             The game lasted 00:08:17 (575 turns).

redmage the Chiller (Meteoran Ice Elementalist)      Turns: 575, Time: 00:08:17

Health: -5/50      AC:  4    Str: 10    XL:     7   Next: 10%
Magic:  15/15      EV: 12    Int: 19    God:
Gold:   147        SH:  0    Dex: 14    Spells: 9/16 levels left

rFire   . . .        m - +0 dagger (drain)
rCold   . . .        (no shield)
rNeg    . . .        a - +0 robe
rPois   .            (no helmet)
rElec   .            (no cloak)
rCorr   .            j - +0 pair of gloves
SInv    .            k - +0 pair of boots
Will    .....        (no amulet)
Stlth   +            (no ring)
HPRegen 0.28/turn    (no ring)
MPRegen 0.14/turn

%: no passive effects
@: glowing
A: sense surroundings 1, otherworldly, glowing, explore regen
a: no special abilities


You were on level 6 of the Dungeon.
You visited 1 branch of the dungeon, and saw 7 of its levels.

You collected 147 gold pieces.

Inventory:

Hand Weapons
 g - a +0 morningstar
 m - a +0 dagger of draining (weapon)
Missiles
 c - 4 poisoned darts (quivered)
 q - 2 throwing nets
Armour
 a - a +0 robe (worn)
 e - a +0 buckler
 j - a +0 pair of gloves (worn)
 k - a +0 pair of boots (worn)
Wands
 n - a wand of flame (17)
Scrolls
 h - a scroll of identify {unknown}
 p - a scroll of blinking {unknown}
Potions
 b - 3 potions of magic
 d - a potion of heal wounds {unknown}
 f - a potion of curing {unknown}
 i - a potion of brilliance {unknown}
 l - 2 potions of resistance {unknown}
 o - a potion of ambrosia {unknown}


   Skills:
 - Level 2.7 Dodging
 - Level 1.6 Stealth
 + Level 5.1 Spellcasting
 * Level 7.1 Ice Magic


You had 9 spell levels left.
You knew the following spells:

 Your Spells              Type           Power      Damage    Failure   Level
a - Freeze                Ice            100%       1d10      1%          1
b - Frozen Ramparts       Ice            64%        1d10      1%          3
c - Ozocubu's Armour      Ice            32%        N/A       1%          3

Your spell library contained the following spells:

 Spells                   Type           Power      Damage    Failure   Level
 Summon Ice Beast         Ice/Summ       18%        N/A       28%         4


Dungeon Overview and Level Annotations

Branches:
Dungeon (7/15) Zot: 3621
 Temple: D:4-7

Altars:
Elyvilon
Hepliaklqana
Okawaru
Vehumet

Shops:
D:2 [


Innate Abilities, Weirdness & Mutations

You passively map a small area around you.
You are easily found by Zot.
You glow in the dark.
You regain HP and MP as you explore.


Message History

The wall freezes the orc.
Unknown command.
You barely miss the orc.
The orc is severely wounded.
The wall freezes the orc.
You kill the orc!
The frozen ramparts melt away as you move.
Your magical contamination has completely faded away.
You now have 139 gold pieces (gained 20).
Items here: )) [[.
You now have 147 gold pieces (gained 8).
Items here: )) [[.
There is a stone staircase leading down here.
You climb downwards.
HP restored.
The orc shouts!
You hear a shout!
The ice beast barely misses you. The orc hits you with a +0 dagger.
Found a sedimented pink potion.
There is a stone staircase leading up here.
The orc misses you. The ice beast hits you. The ice beast freezes you!
A hound comes into view.
The ice beast attacks as you move away! The ice beast hits you.
The ice beast freezes you! The ice beast attacks as you move away!
The ice beast closely misses you.
An orc comes into view. It is wielding a +0 flail.
The ice beast attacks as you move away! The ice beast hits you.
The ice beast freezes you!
The orc shouts!
A black bear comes into view.
The black bear moves out of view.
The orc hits you with a +0 flail.
You closely miss the orc. The hound bites you. The black bear bites you.
* * * LOW HITPOINT WARNING * * *
The black bear claws you.
* * * LOW HITPOINT WARNING * * *
The black bear claws you.
* * * LOW HITPOINT WARNING * * *
The ice beast hits you.
* * * LOW HITPOINT WARNING * * *
The ice beast freezes you!
You die...

,,,* *,,,**,*,,..,..#.f.# *,*
**,***,*,,,,*,,#.##.##..# *,*
*,,,,,*,***#,,#.##.##f!# *,*
***,***,* #.,#......<.# *,*
****,***,* #.,#..#.##..###**,*
,,,,,,**,* #..#...........,,,*
***,,,**,####..#.....#......#**
*,,,,,,......hho#..##.###.#
*,,,,,,......o@Y...#*.# *.#****
*,****,####..##f......# *..,,,,
*,* *,* #..####..##.# *.#****
*,* *,***#...........###.#####
*,* *,,,,,,..#*#..............
***,* *******#.#
#...#####.#..## ,,,,*
#.####............. *****
#<..........>).....
###################


You could see a black bear, an ice beast, a sleepcap, a hound and 2 orcs.

Vanquished Creatures
  2 ogres
  A jelly (D:5)
  A hound (D:5)
  2 orc wizards (D:5)
  3 adders
  A worm (D:2)
  5 orcs
  3 goblins
  2 hobgoblins
  A jackal (D:4)
  A kobold (D:4)
  2 quokkas
  2 ball pythons
  2 bats
  A rat (D:2)
29 creatures vanquished.

Vanquished Creatures (others)
  6 plants (D:3)
6 creatures vanquished.

Grand Total: 35 creatures vanquished

Notes
Turn   | Place    | Note
-------+----------+-------------------------------------------
     0 | D:1      | redmage the Meteoran Ice Elementalist began the quest for
                  | the Orb.
     0 | D:1      | Reached XP level 1. HP: 14/14 MP: 5/5
    62 | D:1      | Reached XP level 2. HP: 18/20 MP: 4/6
   123 | D:3      | Reached XP level 3. HP: 26/26 MP: 5/8
   136 | D:2      | Learned a level 3 spell: Frozen Ramparts
   140 | D:2      | Learned a level 3 spell: Ozocubu's Armour
   147 | D:2      | Found Ryblotta's Antique Armour Emporium.
   193 | D:3      | Reached skill level 5 in Ice Magic
   234 | D:4      | Found a white marble altar of Elyvilon.
   234 | D:4      | Found a radiant altar of Vehumet.
   242 | D:4      | Noticed an ogre
   273 | D:4      | Killed an ogre
   274 | D:4      | Reached XP level 4. HP: 33/33 MP: 2/11
   274 | D:4      | Reached XP level 5. HP: 38/38 MP: 2/12
   293 | D:5      | Entered Level 5 of the Dungeon
   333 | D:4      | Noticed a black bear
   358 | D:4      | Reached skill level 6 in Ice Magic
   409 | D:3      | Found an iron altar of Okawaru.
   409 | D:3      | Found a hazy altar of Hepliaklqana.
   471 | D:6      | Noticed an ogre
   477 | D:6      | Killed an ogre
   478 | D:6      | Reached XP level 6. HP: 45/45 MP: 6/13
   537 | D:5      | Reached skill level 5 in Spellcasting
   537 | D:5      | Reached skill level 7 in Ice Magic
   537 | D:5      | Reached XP level 7. HP: 50/50 MP: 6/15
   575 | D:6      | Slain by an ice beast

Illustrated notes

Levels and vault maps discovered:
D:1:      lemuel_arrival_tunnels, layout_loops_ring, patterned_corridor
D:2:      layout_basic, serial_shops,
          nicolae_shop_temple_entry_statues_fountains,
          nicolae_shop_tiny_statue_garden, uniq_natasha
D:3:      layout_rooms, gammafunk_temple_overflow_wave,
          nicolae_overflow_hidden_temple, ebering_dispersal_statue_hall,
          serial_bayou_lagoon_b
D:4:      nicolae_cairo_tiling, layout_loops_corners, jmf_multi_god_temple,
          eino_curves_02
D:5:      layout_loops_ring, minmay_temple_entry_drinking_statues,
          minmay_ogre_servants
D:6:      layout_loops_ring, marbit_many_paths, nicolae_yredelemnul_corpse_copse
D:7:      layout_loops_corners, uniq_pikel, uniq_maggie

Skill      XL: |  1  2  3  4  5  6 |
---------------+-------------------+-----
Spellcasting   | 3 4 5 |  5.1
Ice Magic      | 5 6 7 |  7.1
Dodging        | |  2.7
Stealth        | |  1.6

Action                     |  1- 3 |  4- 6 |  7- 9 || total
---------------------------+-------+-------+-------++-------
  Melee: Dagger            |       |    13 |     4 ||    17
  Throw: Dart              |     2 |       |       ||     2
   Cast: Freeze            |    20 |     2 |       ||    22
         Frozen Ramparts   |     2 |     7 |     1 ||    10
         Ozocubu's Armour  |       |     2 |       ||     2
  Evoke: Wand              |       |     3 |       ||     3
    Use: Scroll            |       |     2 |       ||     2
 Armour: Robe              |     2 |     8 |     2 ||    12
  Dodge: Dodged            |     9 |     4 |     5 ||    18
